AoeStats
← Laninadlatic

Black Forest

509642682Analyzed
4v4 RM · 5d ago on Sep 27, 2026· 56m 30s· 8 players
Game mode
Random Map
Map size
Large (8 player)
Population
200
Speed
Normal
Resources
Standard
Victory
Conquest
Starting age
Dark Age
Ending age
Imperial Age
RankedLock teamsTeams togetherTeam positionsShared explorationLock speedFull tech treeHidden civsTurbo modeCheats
Victory
Defeat
🇨🇿 Britons · Czechia
928
+13
🇨🇳 Hindustanis · China
925
+13
🇦🇷 Cumans · Argentina
899
+15
🇪🇸 Britons · Spain
787
+19
🇹🇷 Jurchens · Türkiye
881
-16
🇨🇳 Britons · China
873
-15
🇨🇴 Tupi · Colombia
860
-15
🇸🇪 Poles · Sweden
846
-14
Paolosip3532
11:58 Loom
14:56 Feudal Age
13:14 Loom
15:39 Double-Bit Axe
15:37 Horse Collar
17:40 Wheelbarrow
22:42 Castle Age
21:33 Stone Mining
21:35 Fishing Lines
22:57 Gold Mining
23:33 Bow Saw
24:02 Fletching
25:24 Gillnets
25:31 Town Watch
27:22 Gold Shaft Mining
26:51 Caravan
31:51 Imperial Age
29:56 Bodkin Arrow
30:52 Ballistics
30:36 Padded Archer Armor
32:06 Leather Archer Armor
41:06 Hand Cart
43:58 Two-Man Saw
44:27 Bracer
ricksanchez
0:40 Loom
19:55 Feudal Age
21:25 Wheelbarrow
25:26 Castle Age
24:04 Stone Mining
24:53 Double-Bit Axe
25:35 Horse Collar
27:39 Gold Mining
31:02 Hand Cart
31:01 Bow Saw
37:24 Imperial Age
35:46 Szlachta Privileges
35:50 Heavy Plow
36:49 Bloodlines
37:00 Forging
37:32 Caravan
38:49 Conscription
38:32 Husbandry
37:53 Cavalier
39:59 Iron Casting
39:30 Scale Barding Armor
39:16 Fletching
38:51 Light Cavalry
40:13 Ballistics
39:51 Murder Holes
40:57 Chemistry
41:43 Blast Furnace
41:12 Town Watch
41:50 Chain Barding Armor
40:56 Winged Hussar
42:26 Crop Rotation
42:34 Stone Shaft Mining
Feed Me
0:51 Loom
11:05 Feudal Age
13:29 Double-Bit Axe
19:17 Castle Age
23:02 Bow Saw
22:47 Horse Collar
24:53 Wheelbarrow
24:04 Town Watch
25:03 Fishing Lines
25:30 Arson
25:45 Squires
25:31 Gambesons
26:13 Forging
28:48 Hand Cart
29:08 Heavy Plow
33:55 Imperial Age
31:46 Town Patrol
31:40 Fletching
31:50 Padded Archer Armor
35:48 Chemistry
36:16 Conscription
35:17 Elite Iron Pagoda
37:19 Scale Barding Armor
37:50 Iron Casting
37:22 Bodkin Arrow
37:42 Leather Archer Armor
37:29 Elite Skirmisher
39:36 Elite Fire Lancer
42:21 Gold Mining
43:45 Pikeman
44:57 Bracer
45:28 Ring Archer Armor
45:46 Halberdier
48:22 Blast Furnace
47:22 Scale Mail Armor
梦寐一秋.
10:40 Feudal Age
15:45 Castle Age
15:13 Double-Bit Axe
26:55 Bow Saw
30:15 Fletching
30:26 Padded Archer Armor
29:56 Crossbowman
31:51 Bodkin Arrow
32:11 Leather Archer Armor
34:30 Imperial Age
32:00 Gold Mining
32:38 Yeomen
34:38 Gold Shaft Mining
35:24 Warwolf
34:46 Elite Longbowman
35:29 Arbalester
37:05 Caravan
37:21 Bracer
37:51 Ring Archer Armor
37:59 Ring Archer Armor
37:58 Ballistics
38:39 Chemistry
46:57 Conscription
48:08 Pikeman
48:50 Squires
48:36 Arson
49:19 Elite Skirmisher
50:27 Halberdier
51:25 Forging
51:15 Scale Mail Armor
54:07 Chain Mail Armor
54:27 Iron Casting
Laninadlatic
0:40 Loom
19:26 Feudal Age
23:37 Castle Age
22:03 Double-Bit Axe
22:20 Stone Mining
22:22 Gold Mining
24:24 Wheelbarrow
25:15 Bow Saw
25:49 Caravan
30:27 Gold Shaft Mining
32:53 Horse Collar
37:09 Imperial Age
34:51 Heavy Plow
35:39 Hand Cart
36:46 Fletching
36:57 Padded Archer Armor
37:08 Forging
36:58 Scale Mail Armor
36:26 Pikeman
37:06 Squires
37:06 Town Watch
38:55 Bodkin Arrow
39:17 Leather Archer Armor
39:38 Iron Casting
40:19 Two-Man Saw
40:43 Yeomen
39:45 Elite Longbowman
43:06 Ballistics
43:46 Chemistry
45:31 Light Cavalry
46:12 Husbandry
50:57 Bracer
51:27 Ring Archer Armor
51:03 Scale Barding Armor
51:59 Blast Furnace
54:02 Elite Skirmisher
56:04 Chain Barding Armor
jakubpekar
0:59 Loom
13:22 Feudal Age
16:06 Double-Bit Axe
19:51 Castle Age
18:29 Horse Collar
21:13 Heavy Plow
22:27 Bow Saw
27:22 Wheelbarrow
28:10 Gold Mining
28:11 Stone Mining
30:49 Forging
34:14 Imperial Age
32:44 Gold Shaft Mining
32:30 Fletching
32:41 Padded Archer Armor
33:34 Hand Cart
33:40 Hand Cart
33:11 Town Watch
34:02 Ballistics
34:48 Bodkin Arrow
35:09 Leather Archer Armor
35:58 Conscription
37:33 Two-Man Saw
37:27 Ring Archer Armor
36:58 Bracer
37:01 Elite Longbowman
39:24 Chemistry
38:52 Conscription
39:43 Warwolf
40:39 Iron Casting
40:05 Scale Mail Armor
42:55 Yeomen
53:58 Spies/Treason
利捷巴罗
1:45 Loom
11:39 Feudal Age
14:48 Wheelbarrow
14:00 Town Watch
14:09 Double-Bit Axe
15:07 Horse Collar
24:17 Castle Age
22:19 Gold Mining
22:31 Stone Mining
25:42 Heavy Plow
26:39 Gold Shaft Mining
29:53 Imperial Age
28:25 Hand Cart
28:11 Town Patrol
28:32 Bow Saw
30:08 Steppe Husbandry
30:20 Bloodlines
29:31 Light Cavalry
30:06 Fletching
30:39 Masonry
30:25 Murder Holes
30:39 Scale Barding Armor
30:45 Forging
31:25 Elite Steppe Lancer
33:10 Crop Rotation
33:48 Two-Man Saw
33:16 Conscription
36:39 Chemistry
36:00 Ballistics
36:03 Chain Barding Armor
40:32 Iron Casting
43:08 Caravan
43:05 Heated Shot
44:17 Blast Furnace
43:53 Plate Barding Armor
43:45 Hussar
48:42 Scale Mail Armor
48:42 Padded Archer Armor
48:38 Bodkin Arrow
277965650
0:34 Loom
11:41 Feudal Age
17:26 Castle Age
15:28 Double-Bit Axe
17:14 Horse Collar
19:46 Heavy Plow
20:38 Bow Saw
20:20 Stone Mining
22:16 Stone Shaft Mining
21:37 Gold Mining
26:52 Gold Shaft Mining
32:45 Imperial Age
30:28 Forging
30:18 Scale Mail Armor
30:24 Scale Barding Armor
32:39 Grand Trunk Road
34:14 Iron Casting
33:55 Chain Mail Armor
34:00 Chain Barding Armor
35:50 Wheelbarrow
35:24 Husbandry
35:34 Bloodlines
34:45 Light Cavalry
34:46 Heavy Camel Rider
37:00 Blast Furnace
37:40 Imperial Camel Rider
37:41 Hussar
40:25 Two-Man Saw
41:47 Plate Barding Armor
41:36 Conscription
Connection lost

Rejoining the realm…

Still unreachable

The connection could not be restored.

Session expired

The server has moved on; the page needs a fresh start.